 Dungeon Crawl Stone Soup version 0.21-a0-176-gb3d4b37 (webtiles) character file.

304 Goblin1989 the Charlatan (level 6, 0/49 HPs)
             Began as a Gnoll Artificer on Aug 8, 2017.
             Was a Follower of Zin.
             Shot with an arrow by a centaur (4 damage)
             ... on level 4 of the Dungeon.
             The game lasted 00:20:26 (4868 turns).

Goblin1989 the Charlatan (Gnoll Artificer)          Turns: 4868, Time: 00:20:26

Health: 0/49       AC: 12    Str:  7    XL:     6   Next: 38%
Magic:  9/9        EV:  3    Int:  7    God:    Zin [*.....]
Gold:   134        SH:  0    Dex:  7    Spells: 5/5 levels left

rFire    . . .     SeeInvis .   a - +0 morningstar (freeze)
rCold    . . .     Gourm    .   (no shield)
rNeg     . . .     Faith    .   D - +0 chain mail (curse)
rPois    .         Spirit   .   L - +0 helmet (curse)
rElec    .         Reflect  .   (no cloak)
rCorr    .         Harm     .   (no gloves)
MR       .....                  K - +1 pair of boots
Stlth    ..........             (no amulet)
HPRegen  0.16/turn              (no ring)
MPRegen  0.11/turn              (no ring)

@: no status effects
A: unchanging attributes, fangs 1, strong nose
a: Recite, Donate Gold, Renounce Religion


You were on level 4 of the Dungeon.
You worshipped Zin.
Zin was aware of your devotion.
You were not hungry.

You visited 1 branch of the dungeon, and saw 5 of its levels.

You collected 148 gold pieces.
You donated 14 gold pieces to Zin.

Inventory:

Hand Weapons
 a - a +0 morningstar of freezing (weapon)
 w - a +0 blowgun {@w1}
Missiles
 N - 59 bolts
 O - 137 stones (quivered)
 U - 12 poisoned needles
Armour
 D - a cursed +0 chain mail (worn)
 K - a +1 pair of boots (worn)
 L - a cursed +0 helmet (worn)
Wands
 c - a wand of flame (0/48)
 C - a wand of enslavement (0/24)
 E - a wand of enslavement (10/24)
Scrolls
 H - 2 scrolls of enchant weapon {unknown}
 M - a scroll of immolation {unknown}
 R - a scroll of recharging {unknown}
 S - a scroll of remove curse {unknown}
 T - a scroll of teleportation
 V - a scroll of fear {unknown}
 W - a scroll of amnesia {unknown}
 X - a scroll of blinking {unknown}
 Y - a scroll of fog {unknown}
Potions
 G - a potion of experience {unknown}
 I - a potion of brilliance {unknown}
 P - 2 potions of ambrosia
 Q - a potion of resistance
 Z - 2 potions of lignification {unknown}
Comestibles
 e - a bread ration {@e1}
 B - a royal jelly
 F - 4 meat rations {@e2}


   Skills:
 + Level 4.3 Fighting
   Level 1.3 Short Blades
 * Level 3.9 Maces & Flails
 + Level 1.3 Throwing
 + Level 3.9 Armour
 + Level 3.5 Dodging
 - Level 1.2 Stealth
 + Level 4.5 Evocations


You had 5 spell levels left.
You didn't know any spells.

Dungeon Overview and Level Annotations

Branches:
Dungeon (5/15)
 Temple: D:4-7

Altars:
Ashenzari
Fedhas
Nemelex Xobeh
Ru
Zin

Annotations:
D:4 Dowan; Duvessa; PeterMcNeter's ghost, novice HOFi
D:5 Tungsten's ghost, novice HaSk


Innate Abilities, Weirdness & Mutations

Your physical attributes are unchanging.
You have very sharp teeth.
Your uncanny sense of smell can sniff out nearby items.


Message History

You barely miss the orc wizard.
You bite the orc wizard, but do no damage.
The orc wizard hits you but does no damage.
You barely miss the orc wizard.
The orc wizard hits you but does no damage. x2
You bump into the rock wall.
The orc wizard hits you but does no damage.
You closely miss the orc wizard. Your bite misses the orc wizard.
The orc wizard hits you but does no damage.
You bump into the rock wall.
The orc wizard hits you but does no damage.
You bump into the rock wall.
You feel less confused.
The orc wizard hits you but does no damage.
Your chain mail prevents you from hitting the orc wizard.
The orc wizard hits you with a dagger.
You take 2 damage, and have 31/49 hp.
Your chain mail prevents you from hitting the orc wizard.
The orc wizard hits you but does no damage. x2
You thump the orc wizard! You freeze the orc wizard.
You kill the orc wizard!
Your chain mail prevents you from hitting the orc.
The orc hits you but does no damage.
You closely miss the orc. The orc barely misses you.
You puncture the orc! You freeze the orc.
You kill the orc!
You closely miss the orc. The orc hits you but does no damage. x2
You sock the orc! You freeze the orc.
You kill the orc!
You pay a tithe of 3 gold.
You now have 134 gold pieces (gained 30).
Items here: ) [[ ††††
Items here: ) [[ †††† You butcher the worker ant corpse.
J - a chunk of flesh
Items here: ) [[ ††† It would be a sin to butcher this!
It would be a sin to butcher this!
It would be a sin to butcher this!
Eating a chunk of flesh.
You eat the chunk of flesh.
This raw flesh tastes terrible.
HP restored.
A centaur comes into view.
The centaur shouts!
The centaur wields a shortbow.
The centaur shoots an arrow.
The arrow hits you.
You see here an arrow.
You regained 11 hp, and now have 45/49 hp.
The centaur shoots an arrow.
The arrow hits you.
Found a stone staircase leading up.
You see here an arrow.
You take 5 damage, and have 40/49 hp.
Tungsten's ghost turns its malevolent gaze towards you.
Tungsten's ghost gestures wildly while chanting.
Space distorts along a thin shroud covering Tungsten's ghost's form.
The centaur shoots an arrow.
The arrow hits you but does no damage.
You see here an arrow.
The centaur unwields an uncursed shortbow.
The centaur hits you.
You take 1 damage, and have 40/49 hp.
The centaur wields an uncursed shortbow.
The centaur shoots an arrow.
The arrow hits you but does no damage.
There is a stone staircase leading up here.
You see here an arrow.
The centaur shoots an arrow.
The arrow hits you.
The centaur shoots an arrow.
The arrow hits you.
You take 9 damage, and have 31/49 hp.
The centaur shoots an arrow.
The arrow barely misses you.
The centaur unwields an uncursed shortbow.
The centaur hits you.
You take 3 damage, and have 28/49 hp.
Your chain mail prevents you from hitting the centaur.
The centaur hits you but does no damage. x2
The centaur wields an uncursed shortbow.
The centaur shoots an arrow.
The arrow hits you!
* * * LOW HITPOINT WARNING * * *
There is a stone staircase leading up, spattered with blood here.
You see here 4 arrows.
You take 8 damage, and have 21/49 hp.
Tungsten's ghost hits you but does no damage.
The centaur unwields an uncursed shortbow.
The centaur hits you but does no damage.
You climb upwards.
Level annotation: Dowan; Duvessa; PeterMcNeter's ghost, novice HOFi
There is a stone staircase leading down here.
The centaur wields an uncursed shortbow.
The centaur shoots an arrow.
The arrow completely misses you.
The centaur shoots an arrow.
The arrow hits you.
* * * LOW HITPOINT WARNING * * *
The centaur shoots an arrow.
The arrow completely misses you.
You see here an arrow.
You take 6 damage, and have 15/49 hp.
PeterMcNeter's ghost says, "I won't need demonic support against you."
The centaur shoots an arrow.
The arrow hits you but does no damage.
You see here an arrow.
There is a stone staircase leading up here.
The centaur shoots an arrow.
The arrow hits you but does no damage. PeterMcNeter's ghost hits you!
* * * LOW HITPOINT WARNING * * *
The centaur shoots an arrow.
The arrow hits you.
You die...

.e...██████....███
.................██
..█.....██....[█..███
██..............█$...
█ ...W.......>...█
...........c...████.██
.............((.......
..............(████.█
.......>.....W@█
..(............█
..............██
█.....██.....██


██████ ███████ You could see a centaur and PeterMcNeter's ghost.

Vanquished Creatures
  A howler monkey (D:3)
  Terence (D:2)
  A worker ant (D:5)
  An orc wizard (D:5)
  Robin (D:3)
  3 gnolls (D:2)
  4 adders
  3 oozes
  3 worms
  A dart slug (D:1)
  3 leopard geckos
  7 orcs
  5 giant cockroaches
  13 goblins
  10 hobgoblins
  4 jackals
  4 kobolds
  A quokka (D:3)
  A ball python (D:3)
  4 bats
  5 frilled lizards
  A quokka zombie (D:5)
  7 rats
84 creatures vanquished.

Vanquished Creatures (collateral kills)
  2 goblins (D:3)
  A hobgoblin (D:3)
  A kobold (D:3)
4 creatures vanquished.

Vanquished Creatures (others)
  3 adders
  A hobgoblin (D:3)
4 creatures vanquished.

Grand Total: 92 creatures vanquished

Notes
Turn   | Place    | Note
-------+----------+-------------------------------------------
     0 | D:1      | Goblin1989 the Gnoll Artificer began the quest for the Orb.
     0 | D:1      | Reached XP level 1. HP: 15/15 MP: 3/3
   421 | D:1      | Reached XP level 2. HP: 11/23 MP: 5/5
   685 | D:1      | Reached skill level 1 in Armour
   865 | D:1      | Reached XP level 3. HP: 29/29 MP: 6/6
  1308 | D:2      | Noticed Terence
  1314 | D:2      | Killed Terence
  1314 | D:2      | Reached XP level 4. HP: 37/37 MP: 7/7
  1552 | D:2      | Reached skill level 1 in Maces & Flails
  1854 | D:2      | Found a glowing silver altar of Zin.
  1860 | D:2      | Found a shattered altar of Ashenzari.
  1875 | D:2      | Reached XP level 5. HP: 42/42 MP: 8/8
  1926 | D:2      | Found a sparkling altar of Nemelex Xobeh.
  2107 | D:2      | Found a sacrificial altar of Ru.
  2108 | D:2      | Found a blossoming altar of Fedhas.
  2163 | D:2      | Became a worshipper of Zin the Law-Giver
  2675 | D:3      | Noticed Robin
  2736 | D:3      | Killed Robin
  3656 | D:3      | Reached * piety under Zin
  3817 | D:3      | Reached skill level 1 in Throwing
  3817 | D:3      | Reached XP level 6. HP: 22/49 MP: 9/9
  4475 | D:4      | Noticed Dowan
  4477 | D:4      | Noticed Duvessa
  4477 | D:4      | Noticed PeterMcNeter's ghost (novice HOFi)
  4695 | D:5      | Entered Level 5 of the Dungeon
  4700 | D:5      | Noticed Tungsten's ghost (novice HaSk)
  4868 | D:4      | Shot with an arrow by a centaur

Vault maps used:
D:1:      dpeg_arrival_three_smaller_balls, hex_large
D:2:      gammafunk_temple_overflow_forgotten, gammafunk_temple_overflow_pools,
          grunt_decor_clamped, uniq_terence
D:3:      kennysheep_generic_room_16, uniq_robin
D:4:      chequers_temple_overflow_minitemple, uniq_blork_the_orc, uniq_duvessa
D:5:      minmay_temple_entry_junction, first_bread

Skill      XL: |  1  2  3  4  5 |
---------------+----------------+-----
Fighting       | 2 3 4 |  4.3
Armour         | 1 3 |  3.9
Maces & Flails | 1 3 |  3.9
Dodging        | 3 |  3.5
Throwing       | 1 |  1.3
Short Blades   | |  1.3
Stealth        | |  1.2
Evocations     | |  4.5

Action                   |  1- 3 |  4- 6 || total
-------------------------+-------+-------++-------
Melee: Short sword       |   125 |       ||   125
       Bite              |     2 |    13 ||    15
       Mace              |    12 |    53 ||    65
       Flail             |       |    50 ||    50
       Morningstar       |       |   237 ||   237
 Fire: Blowgun           |       |    19 ||    19
Evoke: Wand              |     7 |    13 ||    20
  Use: Potion            |       |     3 ||     3
       Scroll            |       |     1 ||     1
  Eat: Chunk             |     1 |     8 ||     9
       Bread ration      |       |     1 ||     1
Armor: Leather armour    |    40 |       ||    40
       Scale mail        |    28 |   129 ||   157
       Chain mail        |       |   218 ||   218
Dodge: Dodged            |    92 |   152 ||   244

Vault maps used:
D:1:      dpeg_arrival_three_smaller_balls, hex_large
D:2:      gammafunk_temple_overflow_forgotten, gammafunk_temple_overflow_pools,
          grunt_decor_clamped, uniq_terence
D:3:      kennysheep_generic_room_16, uniq_robin
D:4:      chequers_temple_overflow_minitemple, uniq_blork_the_orc, uniq_duvessa
D:5:      minmay_temple_entry_junction, first_bread
